AoeStats
← cmd

Socotra

506403137Analyzed
2v2 RM · 18d ago on Sep 13, 2026· 15m 17s· 4 players
Game mode
Random Map
Map size
Tiny (2 player)
Population
200
Speed
Normal
Resources
Standard
Victory
Conquest
Starting age
Dark Age
Ending age
Imperial Age
RankedLock teamsTeams togetherTeam positionsShared explorationLock speedFull tech treeHidden civsTurbo modeCheats
Victory
Defeat
🇧🇪 Sicilians · Belgium
895
+15
🇪🇸 Spanish · Spain
844
+18
🇩🇪 Romans · Germany
907
-17
🇩🇪 Mongols · Germany
856
-16
lode.bruneel
3:37 Loom
12:10 Feudal Age
14:49 Double-Bit Axe
ruben14malaga
5:52 Loom
11:37 Feudal Age
13:29 Wheelbarrow
14:06 Forging
14:04 Scale Barding Armor
15:08 Bloodlines
helo
7:23 Loom
9:33 Feudal Age
14:56 Double-Bit Axe
cmd
10:54 Loom
12:40 Feudal Age
Connection lost

Rejoining the realm…

Still unreachable

The connection could not be restored.

Session expired

The server has moved on; the page needs a fresh start.